 Dungeon Crawl Stone Soup version 0.22-a0-185-ge330310 (webtiles) character file.

10166 George the Carver (level 11, -10/99 HPs)
             Began as a Minotaur Fighter on Feb 15, 2018.
             Was a High Priest of Okawaru.
             Mangled by Urug
             ... wielding a +2 demon trident of freezing
              (14 damage)
             ... on level 11 of the Dungeon.
             The game lasted 00:22:27 (10791 turns).

George the Carver (Minotaur Fighter)               Turns: 10791, Time: 00:22:28

Health: -10/99     AC: 14    Str: 27    XL:     11   Next: 32%
Magic:  15/15      EV: 10    Int:  5    God:    Okawaru [*****.]
Gold:   452        SH:  0    Dex: 11    Spells: 10/10 levels left

rFire    . . .     SeeInvis .   a - +6 triple sword "Vapneuh" {vamp, Str+4}
rCold    + . .     Gourm    .   (shield currently unavailable)
rNeg     + . .     Faith    .   w - +1 ice dragon scales
rPois    .         Spirit   .   (helmet restricted)
rElec    .         Reflect  .   (no cloak)
rCorr    .         Harm     .   (no gloves)
MR       .....                  (no boots)
Stlth    ..........             (no amulet)
HPRegen  0.26/turn              A - ring of fire
MPRegen  0.14/turn              p - ring of positive energy

@: no status effects
A: retaliatory headbutt, horns 2
a: Heroism, Finesse, Renounce Religion


You were on level 11 of the Dungeon.
You worshipped Okawaru.
Okawaru was extremely pleased with you.
You were hungry.

You visited 2 branches of the dungeon, and saw 12 of its levels.
You also visited: Ossuary.

You collected 452 gold pieces.

Inventory:

Hand Weapons
 a - the +6 triple sword "Vapneuh" (weapon) {vamp, Str+4}
   (Okawaru gifted it to you on level 10 of the Dungeon)

   It inflicts no extra harm, but heals its wielder when it wounds a living foe.
   It affects your strength (+4).
 h - a +2 short sword of protection
 H - a +0 scimitar of flaming
 I - the +0 dagger "Mon Kiac" {chaos, +Fly}
   (You found it on level 8 of the Dungeon)

   Each time it hits an enemy it has a different, random effect.
   It lets you fly.
Missiles
 x - 5 javelins (quivered)
Armour
 c - a +0 shield
 w - +1 ice dragon scales (worn)
Jewellery
 p - a ring of positive energy (right hand)
 y - an uncursed ring of positive energy
 A - a ring of fire (left hand)
Wands
 k - a wand of digging (12)
 B - a wand of clouds (6)
Scrolls
 i - 6 scrolls of remove curse
 j - 2 scrolls of fear
 m - a scroll of acquirement {unknown}
 n - 4 scrolls of enchant armour
 o - 4 scrolls of immolation
 t - a scroll of teleportation
 u - 3 scrolls of magic mapping
 v - a scroll of enchant weapon {unknown}
 C - a scroll of torment {unknown}
 F - a scroll of random uselessness {unknown}
 G - 2 scrolls of blinking {unknown}
Potions
 b - a potion of resistance {unknown}
 d - 3 potions of might
 e - 3 potions of curing
 g - 3 potions of berserk rage
 l - a potion of ambrosia
 q - 2 potions of magic
 r - a potion of heal wounds
 s - a potion of haste
 z - a potion of brilliance {unknown}
 E - 2 potions of flight
Comestibles
 f - 20 rations


   Skills:
 + Level 10.0 Fighting
 + Level 10.8 Long Blades
 + Level 10.2 Armour
 - Level 9.7 Shields
 + Level 7.8 Invocations


You had 10 spell levels left.
You didn't know any spells.

Dungeon Overview and Level Annotations

Branches:
Dungeon (11/15)            Temple (1/1) D:5            Lair (0/6) D:9
    Orc: D:9-12

Altars:
Ashenzari
Cheibriados
Dithmenos
Elyvilon
Fedhas
Gozag
Hepliaklqana
Kikubaaqudgha
Makhleb
Nemelex Xobeh
Okawaru
Qazlal
Ru
Sif Muna
Trog
Uskayaw
Vehumet
Wu Jian
Xom
Yredelemnul
Zin
The Shining One

Annotations:
D:11 Harold, Nergalle, Urug


Innate Abilities, Weirdness & Mutations

You reflexively headbutt those who attack you in melee.
You have a pair of horns on your head.


Message History

Urug hits you from afar with a demon trident of freezing!
Harold casts a spell at you. The bolt of fire hits you!
The bolt of fire hits the spectral orc.
The spectral orc is destroyed!
You are too injured to fight recklessly!
You are too injured to fight recklessly!
You hit Harold.
You feel better.
Harold is lightly wounded.
Urug hits you from afar with a demon trident of freezing!!
* * * LOW HITPOINT WARNING * * *
Urug freezes you.
* * * LOW HITPOINT WARNING * * *
The spectral orc warrior barely misses you.
You furiously retaliate!
You headbutt the spectral orc warrior!
You riposte.
You hit the spectral orc warrior.
The spectral orc warrior is heavily damaged.
Harold hits you with a mace.
* * * LOW HITPOINT WARNING * * *
Urug hits you from afar with a demon trident of freezing!
You die...

### ..# ########## ###
#.###........#### ....
#..##........'.Z# .....
##.##........##Z##oo....
#..').[.....##.@@oZ....
####[.......#####......
#........# .....
#..)..|..# .<..
####'##### ... #)# ##
#'# ... .....


You could see Harold, Urug, Nergalle, a spectral orc, a spectral orc warrior, an
orc and a worker ant zombie.

Vanquished Creatures
  A death knight (D:9)
  A centaur warrior (D:11)
  Erica (D:11)
  An unseen horror (D:10)
  A phantasmal warrior (D:9)
  An ugly thing (D:9)
  2 freezing wraiths (D:9)
  2 hippogriffs (D:7)
  A shadow (D:8)
  A wyvern (D:8)
  A spriggan (D:7)
  A vampire (D:9)
  A wraith (D:9)
  A hungry ghost (D:8)
  A water moccasin (D:6)
  3 orc warriors
  2 sky beasts
  2 ice beasts
  An eye of draining (D:11)
  6 ogres
  The ghost of 4thArraOfDagon the Sneak, an amateur OpEn (D:6)
  3 centaurs
  3 big kobolds
  8 bullfrogs
  A gnoll sergeant (D:9)
  A water moccasin zombie (D:10)
  4 scorpions
  20 wights
  2 howler monkeys
  2 bullfrog zombies
  4 crimson imps
  10 hounds
  3 orc priests
  A bullfrog skeleton (D:11)
  3 jellies
  5 orc wizards
  2 iguanas
  A centaur skeleton (D:5)
  5 worker ants
  9 big kobold zombies (Ossuary)
  A mummy (Ossuary)
  8 gnolls
  9 adders
  3 shadow imps
  A dart slug (D:2)
  2 worms (D:2)
  5 leopard geckos
  33 orcs
  6 spectral bats (Ossuary)
  6 giant cockroaches
  3 gnoll zombies (Ossuary)
  7 hobgoblins
  18 jackals
  21 kobolds
  3 quokkas
  2 ball pythons
  7 bats
  2 frilled lizards
  8 goblins
  3 goblin simulacra (Ossuary)
  9 goblin zombies
  A hobgoblin zombie (Ossuary)
  5 kobold simulacra (Ossuary)
  3 kobold zombies (Ossuary)
  A leopard gecko zombie (D:9)
  5 orc zombies (Ossuary)
  A quokka skeleton (D:7)
  9 rats
  3 rat simulacra (Ossuary)
  A rat zombie (D:7)
  5 spectral goblins (Ossuary)
  4 spectral kobolds (Ossuary)
  5 spectral rats (Ossuary)
319 creatures vanquished.

Vanquished Creatures (others)
  Duvessa (D:5)
  Dowan (D:5)
  A howler monkey (D:5)
  A goblin zombie (Ossuary)
4 creatures vanquished.

Grand Total: 323 creatures vanquished

Notes
Turn   | Place    | Note
-------+----------+-------------------------------------------
     0 | D:1      | George the Minotaur Fighter began the quest for the Orb.
     0 | D:1      | Reached XP level 1. HP: 19/19 MP: 0/0
    99 | D:1      | Reached XP level 2. HP: 23/26 MP: 1/1
   670 | D:2      | Reached XP level 3. HP: 27/31 MP: 2/2
  1006 | D:2      | Reached skill level 5 in Long Blades
  1106 | D:3      | Reached XP level 4. HP: 37/39 MP: 3/3
  1131 | D:3      | Found an iron altar of Okawaru.
  1140 | D:3      | Became a worshipper of Warmaster Okawaru
  1948 | D:4      | Reached XP level 5. HP: 34/46 MP: 4/4
  2118 | D:4      | Reached skill level 1 in Invocations
  2262 | D:5      | Entered Level 5 of the Dungeon
  2276 | D:5      | Noticed an ice beast
  2291 | D:5      | Reached XP level 6. HP: 43/53 MP: 6/6
  2298 | D:5      | Killed an ice beast
  2298 | D:5      | Reached * piety under Okawaru
  2325 | D:5      | Killed Dowan
  2840 | D:5      | Killed Duvessa
  2991 | D:5      | Reached skill level 5 in Armour
  2991 | D:5      | Reached XP level 7. HP: 60/60 MP: 7/7
  2994 | D:5      | Found a staircase to the Ecumenical Temple.
  3018 | Temple   | Entered the Ecumenical Temple
  3286 | D:5      | Found a basalt altar of Yredelemnul.
  3328 | D:5      | Reached skill level 5 in Fighting
  3328 | D:5      | Reached skill level 5 in Shields
  4130 | D:6      | Reached ** piety under Okawaru
  4130 | D:6      | Reached XP level 8. HP: 13/70 MP: 9/9
  4534 | D:6      | Noticed 4thArraOfDagon's ghost (amateur OpEn)
  4542 | D:6      | Killed 4thArraOfDagon's ghost
  4797 | D:6      | Reached *** piety under Okawaru
  5296 | D:7      | Found a sand-covered staircase.
  5308 | Ossuary  | Entered an ossuary
  5489 | Ossuary  | Reached XP level 9. HP: 64/78 MP: 11/11
  5802 | D:7      | Reached skill level 5 in Invocations
  5901 | D:7      | Reached **** piety under Okawaru
  7388 | D:8      | Got an uncursed ivory glaive {holy}
  7415 | D:8      | Reached XP level 10. HP: 55/88 MP: 13/13
  7421 | D:8      | Reached ***** piety under Okawaru
  7850 | D:8      | Got an ebony dagger
  7853 | D:8      | Identified the +4 glaive "Fabo" {holy, *Slow Str+4 Int+3} (You took it off a centaur on level 8 of the Dungeon)
  7854 | D:8      | Identified the +0 dagger "Mon Kiac" {chaos, +Fly} (You found it on level 8 of the Dungeon)
  8270 | D:9      | Noticed a purple ugly thing
  8277 | D:9      | Killed a purple ugly thing
  8376 | D:9      | Found a staircase to the Lair.
  8441 | D:9      | Noticed a death knight
  8443 | D:9      | Noticed a phantasmal warrior
  8445 | D:9      | Killed a phantasmal warrior
  8466 | D:9      | Killed a death knight
  8466 | D:9      | Reached skill level 10 in Long Blades
  9210 | D:10     | Entered Level 10 of the Dungeon
  9274 | D:10     | Killed an unseen horror
  9274 | D:10     | Received a gift from Okawaru
  9274 | D:10     | Reached XP level 11. HP: 21/97 MP: 12/15
  9275 | D:10     | Got a fine triple sword {god gift}
  9278 | D:10     | Identified the +6 triple sword "Vapneuh" {vamp, Str+4} (Okawaru gifted it to you on level 10 of the Dungeon)
 10492 | D:11     | Noticed a centaur warrior
 10500 | D:11     | Killed a centaur warrior
 10500 | D:11     | Reached skill level 10 in Armour
 10725 | D:11     | Noticed Erica
 10732 | D:11     | Killed Erica
 10732 | D:11     | Reached skill level 10 in Fighting
 10743 | D:11     | Got a crude ring mail
 10762 | D:11     | Identified the +0 ring mail of Haoby {rF+ rN+} (You took it off an orc priest on level 11 of the Dungeon)
 10784 | D:11     | Noticed Harold
 10785 | D:11     | Noticed Nergalle
 10786 | D:11     | Noticed Urug
 10791 | D:11     | HP: 4/99 [Harold/mace (5)]
 10791 | D:11     | Mangled by Urug

Vault maps used:
D:1:      dpeg_arrival_water_altar
D:3:      first_ration, okawaru_ov_weapons_minmay
D:5:      yredelemnul_altar_generic, lemuel_temple_firewalk_b, uniq_duvessa
D:7:      enter_ossuary_4, the_bakery
D:8:      minmay_checkerbox
D:9:      lair_entry_dummy
D:10:     grunt_ministairs_3, minmay_misc_feat_chi
D:11:     erik_orc_2, uniq_urug, uniq_erica, uniq_harold, uniq_nergalle
Temple:   kilobyte_greek_temple
Ossuary:  ossuary_zaba_two_paths

Skill      XL: |  1  2  3  4  5  6  7  8  9 10 11 |
---------------+----------------------------------+-----
Long Blades    | 3 4 5 6 7 8 9 10 | 10.8
Armour         | 4 5 7 8 9 10 | 10.2
Shields        | 4 5 6 8 9 |  9.7
Fighting       | 4 5 6 8 9 10 | 10.0
Invocations    | 1 2 3 4 6 7 |  7.8

Action                   |  1- 3 |  4- 6 |  7- 9 | 10-12 || total
-------------------------+-------+-------+-------+-------++-------
Melee: Long sword        |    82 |   130 |    43 |       ||   255
       Headbutt          |    14 |    17 |    66 |    42 ||   139
       Great sword       |       |       |   307 |   126 ||   433
       Triple sword      |       |       |       |    75 ||    75
Invok: Heroism           |       |       |     2 |     2 ||     4
       Finesse           |       |       |       |     1 ||     1
  Use: Scroll            |       |       |    13 |     3 ||    16
       Potion            |       |       |     2 |     2 ||     4
  Eat: Chunk             |     1 |     4 |     6 |    10 ||    21
       Ration            |       |       |     3 |     2 ||     5
Armor: Scale mail        |    34 |     7 |       |       ||    41
       Chain mail        |       |    44 |       |       ||    44
       Ice dragon scales |       |    20 |   231 |   147 ||   398
Dodge: Dodged            |    25 |    39 |   180 |   125 ||   369
Block: Shield            |    37 |    86 |    20 |       ||   143
       Rpst.: Long sword |     6 |    11 |     8 |       ||    25
       Great sword       |       |       |    42 |    21 ||    63
       Triple sword      |       |       |       |    16 ||    16

Table legend:
 A = Spawn XP
 B = Non-spawn XP
 C = Spawn XP percentage of total XP
 D = Spawn monster count
 E = Non-spawn monster count
 F = Spawn count percentage of total count
 G = Total turns spent on level
                    A         B        C        D         E        F      G
               +---------+---------+-------+---------+---------+-------+---------
         Total |       0 |   14523 |   0.0 |       0 |     319 |   0.0 | 10791
               +---------+---------+-------+---------+---------+-------+---------
           D:1 |       0 |      21 |   0.0 |       0 |      14 |   0.0 |   506
           D:2 |       0 |      57 |   0.0 |       0 |      24 |   0.0 |   567
           D:3 |       0 |      84 |   0.0 |       0 |      25 |   0.0 |   563
           D:4 |       0 |     141 |   0.0 |       0 |       5 |   0.0 |   840
           D:5 |       0 |     610 |   0.0 |       0 |      15 |   0.0 |   969
           D:6 |       0 |    1637 |   0.0 |       0 |      31 |   0.0 |  1635
           D:7 |       0 |    1965 |   0.0 |       0 |      44 |   0.0 |  1584
           D:8 |       0 |    1458 |   0.0 |       0 |      28 |   0.0 |   662
           D:9 |       0 |    3988 |   0.0 |       0 |      32 |   0.0 |  1315
          D:10 |       0 |    1756 |   0.0 |       0 |      26 |   0.0 |  1099
          D:11 |       0 |    2489 |   0.0 |       0 |      14 |   0.0 |   482
       Ossuary |       0 |     317 |   0.0 |       0 |      61 |   0.0 |   405
               +---------+---------+-------+---------+---------+-------+---------
